 Dungeon Crawl Stone Soup version 0.17-a0-848-g7e5c6af (webtiles) character file.

88 xeno23 the Skirmisher (level 4, -1/37 HPs)
             Began as a Demonspawn Abyssal Knight on Apr 27, 2015.
             Was a Believer of Lugonu.
             Succumbed to Barlimann's ghost's poison
             ... on level 3 of the Dungeon.
             The game lasted 00:06:01 (2875 turns).

xeno23 the Skirmisher (Demonspawn Abyssal Knight)   Turns: 2875, Time: 00:06:01

Health: -1/37      AC:  3    Str: 12    XL:     4   Next: 30%
Magic:  6/6        EV: 12    Int: 13    God:    Lugonu [**....]
Gold:   100        SH:  0    Dex: 18    Spells: 0 memorised, 3 levels left

rFire  + . .     SeeInvis .     a - +1 spear
rCold  . . .     Clarity  .     e - +0 leather armour {rC+}
rNeg   . . .     SustAb   .     (no shield)
rPois  .         Gourm    .     (no helmet)
rElec  .         Spirit   .     (no cloak)
rCorr  .         Warding  .     (no gloves)
rMut   .         Stasis   .     (no boots)
MR     .....                    (no amulet)
Stlth  +.........               h - ring of fire
                                d - +4 ring of dexterity

@: lethally poisoned (-1 -> -41), not resistant to hostile enchantments, very
unstealthy
A: talons 1, rot immunity, MP-powered wands
a: Depart the Abyss, Bend Space, Renounce Religion


You were on level 3 of the Dungeon.
You worshipped Lugonu.
Lugonu was pleased with you.
You were near starving.

You visited 1 branch of the dungeon, and saw 3 of its levels.
You visited the Abyss 1 time.

You collected 100 gold pieces.

Inventory:

Hand weapons
 a - a +1 spear (weapon)
Missiles
 j - 23 poisoned needles
Armour
 b - a +0 leather armour
 e - a +0 leather armour of cold resistance (worn)
Jewellery
 d - a +4 ring of dexterity (left hand)
 h - a ring of fire (right hand)
Scrolls
 k - a scroll of magic mapping
Potions
 g - a potion of heal wounds
 i - a potion of resistance
Comestibles
 c - a bread ration
 f - a beef jerky


   Skills:
 + Level 3.8 Fighting
 - Level 2.0 Polearms
 + Level 2.6 Armour
 + Level 1.9 Dodging
 - Level 2.8 Invocations


You had 3 spell levels left.
You didn't know any spells.

Dungeon Overview and Level Annotations

Branches:
Dungeon (3/15)

Altars:
Nemelex Xobeh
Ru

Annotations:
D:3 Barlimann's ghost, average MiMo


Innate Abilities, Weirdness & Mutations

You have sharp toenails.
You are immune to rotting.
You expend magic power (3 MP) to strengthen your wands.


Message History

You feel very sick. Barlimann's ghost hits you!
You take 10 damage.
You barely miss Barlimann's ghost.
Barlimann's ghost is lightly damaged.
You feel sick. Barlimann's ghost hits you.
* * * LOW HITPOINT WARNING * * *
You take 4 damage.
You hit Barlimann's ghost.
You claw Barlimann's ghost, but do no damage.
Barlimann's ghost is lightly damaged.
* * * LOW HITPOINT WARNING * * *
You feel sick. Barlimann's ghost hits you!
* * * LOW HITPOINT WARNING * * *
You are more poisoned.
You take 9 damage.
You hit Barlimann's ghost but do no damage.
You claw Barlimann's ghost, but do no damage.
Barlimann's ghost is lightly damaged.
You die...

#.#.#......##.####.........
#.#[+......................
#.###.[.......##########...
#...'.........# #....#...
#####.........#####....#...
#.............'....'...
#........######....#...
#......###### #....#...
#.....@W....# #....#...
#...........# #....####
#####.......# ######
#......... ..........
.......... .........
......... ....


You could see Barlimann's ghost.

Vanquished Creatures
  2 adders (D:2)
  A worm (D:2)
  4 giant geckos
  6 orcs (D:3)
  A ball python (D:2)
  5 bats
  5 giant cockroaches
  6 hobgoblins
  10 kobolds
  5 giant newts
  4 goblins (D:1)
  7 rats
56 creatures vanquished.

Notes
Turn   | Place    | Note
--------------------------------------------------------------
     0 | Abyss:1  | xeno23, the Demonspawn Abyssal Knight, began the quest for the Orb.
     0 | Abyss:1  | Reached XP level 1. HP: 18/18 MP: 2/2
   137 | Abyss:1  | Noticed a thrashing horror
   137 | D:1      | Escaped the Abyss
   245 | D:1      | Acquired Lugonu's first power
   284 | D:1      | Gained mutation: You are immune to rotting. [demonic ancestry]
   284 | D:1      | Reached XP level 2. HP: 24/24 MP: 4/4
   749 | D:2      | Reached skill level 1 in Dodging
   802 | D:2      | Reached XP level 3. HP: 15/29 MP: 5/5
  1064 | D:2      | Found a sparkling altar of Nemelex Xobeh.
  1718 | D:2      | Found a sacrificial altar of Ru.
  2186 | D:3      | Gained mutation: You have sharp toenails. [demonic ancestry]
  2186 | D:3      | Reached XP level 4. HP: 33/37 MP: 6/6
  2216 | D:3      | Acquired Lugonu's second power
  2864 | D:3      | Noticed Barlimann's ghost (average MiMo)
  2872 | D:3      | Gained mutation: Your body is slowly deteriorating. [potion of mutation]
  2872 | D:3      | Lost mutation: Your body is slowly deteriorating. [potion of mutation]
  2872 | D:3      | Gained mutation: You expend magic power (3 MP) to strengthen your wands. [potion of mutation]
  2874 | D:3      | HP: 1/37 [Barlimann's ghost (7)]
  2875 | D:3      | Succumbed to Barlimann's ghost's poison

Action                   |  1- 3 |  4- 6 || total
-------------------------+-------+-------++-------
Melee: Spear             |   176 |    83 ||   259
Invok: Depart the Abyss  |     1 |       ||     1
  Use: Potion            |     4 |     1 ||     5
       Scroll            |     4 |     1 ||     5
 Stab: Sleeping          |     1 |       ||     1
  Eat: Chunk             |     4 |     1 ||     5
